 Dungeon Crawl Stone Soup version 0.28-a0-445-g51f8dfeb47 (webtiles) character file.

Game seed: 17480290294033008073

216 Dabor the Insei (level 5, 0/41 HPs)
             Began as a Gnoll Transmuter on Sept 13, 2021.
             Was a Follower of Ashenzari.
             Slain by an orc priest (8 damage)
             ... on level 4 of the Dungeon.
             The game lasted 00:17:33 (3568 turns).

Dabor the Insei (Gnoll Transmuter)                  Turns: 3568, Time: 00:17:33

Health: 0/41       AC:  2    Str:  9    XL:     5   Next: 93%
Magic:  11/12      EV: 13    Int: 13    God:    Ashenzari [*.....]
Gold:   89         SH:  0    Dex: 13    Spells: 11/14 levels left

rFire   . . .      SeeInvis .   h - +4 short sword
rCold   . . .      Faith    .   (no shield)
rNeg    . . .      Spirit   .   a - +0 robe "Shattered With Me" {Alch, Comp} (curse)
rPois   .          Reflect  .   (helmet currently unavailable)
rElec   .          Harm     .   (no cloak)
rCorr   .          Rampage  .   (no gloves)
Will    .....                   (boots currently unavailable)
Stlth   ++........              e - amulet of Toth-Mos's Legacy {Acrobat, Fort, Alch} (curse)
HPRegen 0.13/turn               (no ring)
MPRegen 0.13/turn               (no ring)

@: appendages (expiring), wereblooded (expiring)
A: horns 2, talons 2, fangs 1, strong nose, distributed training
a: End Transformation, Renounce Religion, Curse Item, Shatter the Chains


You were on level 4 of the Dungeon.
You worshipped Ashenzari.
Ashenzari was aware of your devotion.
You had temporarily grown beastly horns and talons.
You visited 1 branch of the dungeon, and saw 4 of its levels.
You also visited: Sewer.

You collected 89 gold pieces.

Inventory:

Hand Weapons
 b - a +0 spear
 c - a +0 dagger of protection
 g - a +1 vampiric dagger
 h - a +4 short sword (weapon)
Missiles
 i - 16 poisoned darts
Armour
 a - the cursed +0 robe "Shattered With Me" (worn) {Alch, Comp}

   It has a curse which improves the following skills: Alchemy: Poison Magic and
   Transmutations.
   Companions: Summonings and Necromancy.
Jewellery
 e - the cursed amulet of Toth-Mos's Legacy (around neck) {Acrobat, Fort, Alch}
   (You found it on level 1 of the Dungeon)

   [amulet of the acrobat]

   It increases your evasion while moving and waiting.
   It has a curse which improves the following skills: Fortitude: Armour and
   Shields.
   Alchemy:   Poison Magic and Transmutations.
Scrolls
 d - a scroll of fog
 f - a scroll of enchant weapon
 j - a scroll of amnesia
 m - a scroll of identify
 n - a scroll of noise
 p - a scroll of brand weapon
Potions
 k - a potion of curing
 l - a potion of flight
 o - a potion of berserk rage


   Skills:
 + Level 3.1 Fighting
 + Level 1.7 Short Blades
 + Level 1.7 Long Blades
 + Level 1.7 Axes
 + Level 1.7 Maces & Flails
 + Level 1.7 Polearms
 + Level 1.7 Staves
 + Level 1.7 Slings
 + Level 1.7 Bows
 + Level 1.7 Crossbows
 + Level 1.7 Throwing
 + Level 1.7(2.4) Armour
 + Level 4.9 Dodging
 + Level 1.7 Stealth
 + Level 1.7(2.4) Shields
 + Level 6.7 Unarmed Combat
 + Level 5.2 Spellcasting
 + Level 1.3 Conjurations
 + Level 1.3 Hexes
 + Level 1.3(2.0) Summonings
 + Level 1.3(2.0) Necromancy
 + Level 1.3 Translocations
 + Level 4.0(5.5) Transmutations
 + Level 1.3 Fire Magic
 + Level 1.3 Ice Magic
 + Level 1.3 Air Magic
 + Level 1.3 Earth Magic
 + Level 1.3(2.4) Poison Magic
 + Level 1.9 Invocations
 + Level 1.7 Evocations


You had 11 spell levels left.
You knew the following spells:

 Your Spells              Type           Power      Damage    Failure   Level
a - Beastly Appendage     Tmut           34%        N/A       1%          1
b - Wereblood             Tmut           17%        N/A       2%          2

Your spell library contained the following spells:

 Spells                   Type           Power      Damage    Failure   Level
 Spider Form              Tmut/Pois      6%         N/A       11%         3
 Ice Form                 Ice/Tmut       12%        N/A       41%         4


Dungeon Overview and Level Annotations

Branches:
Dungeon (4/15)              Sewer (visited)
 Temple: D:4-7

Altars:
Ashenzari


Innate Abilities, Weirdness & Mutations

You have temporarily grown beastly horns and talons.
You have very sharp teeth.
Your uncanny sense of smell can sniff out nearby items.
Your experience applies equally to all skills.


Message History

The orc closely misses you. The orc wizard closely misses you.
The orc misses you.
You hit the orc. Your kick misses the orc.
The orc is almost dead.
The orc hits you with a +0 club.
The orc hits you with a +2 flail of protection.
You puncture the orc!
You feel a bit better.
You kill the orc!
The orc hits you with a +2 flail of protection.
The orc priest mumbles some strange prayers to Beogh against you.
Beogh smites you!
* * * LOW HITPOINT WARNING * * *
Okay, then.
You feel better.
You howl as the wereblood boils in your veins!
The orc wizard barely misses you. The orc completely misses you.
The orc wizard completely misses you.
Your transformation is almost over.
The orc wizard gestures at you while chanting.
You resist with some effort.
There is an open door here.
You hit the orc wizard. Your bite misses the orc wizard.
The orc wizard is lightly wounded.
You hit the orc. Your headbutt misses the orc. Your bite misses the orc.
The orc is heavily wounded.
You hit the orc. Your kick misses the orc.
The orc is heavily wounded.
You howl as the wereblood boils in your veins!
Your primal bloodlust is almost over.
You hit the orc.
You feel a bit better.
You kill the orc!
The orc priest hits you with a +0 hand axe.
* * * LOW HITPOINT WARNING * * *
The orc wizard casts a spell.
The orc wizard flickers and vanishes!
Deactivating autopickup; reactivate with Ctrl-A.
You closely miss the orc priest.
You howl as the wereblood boils in your veins!
The orc priest hits you with a +0 hand axe!
You die...

..#####.........
......#......... ....
......#.........∆ ....
......'......... .....
##....#.....#######.....
#....##'####...........
#......................
#......................
#.............)@.......
#...........##o###.....
###'####+####.{..# ...
................# .
.........)......#∆
..............#
.##.....##....#
#.....##....#
#.....#.....#


You could see an orc priest.

Vanquished Creatures
  A kobold brigand (Sewer)
  2 gnolls (D:1)
  5 adders (D:3)
  2 river rats (Sewer)
  A dart slug (D:3)
  2 worms
  3 orcs
  6 ball pythons
  2 endoplasms
  3 giant cockroaches
  6 goblins
  3 hobgoblins
  2 jackals (Sewer)
  A quokka (D:2)
  5 bats
  A frilled lizard (D:3)
  10 kobolds
  8 rats
63 creatures vanquished.

Notes
Turn   | Place    | Note
-------+----------+-------------------------------------------
     0 | D:1      | Dabor the Gnoll Transmuter began the quest for the Orb.
     0 | D:1      | Reached XP level 1. HP: 17/17 MP: 6/6
   249 | D:1      | Reached XP level 2. HP: 7/23 MP: 5/7
   560 | D:1      | Reached XP level 3. HP: 11/28 MP: 9/9
   755 | D:1      | Learned a level 2 spell: Wereblood
   781 | D:1      | Reached skill level 5 in Spellcasting
  1360 | D:2      | Reached skill level 1 in Invocations
  1408 | D:2      | Found a faded altar of an unknown god.
  1410 | D:2      | Became a worshipper of Ashenzari the Shackled
  1841 | D:2      | Reached skill level 1 in Short Blades
  1841 | D:2      | Reached skill level 1 in Long Blades
  1841 | D:2      | Reached skill level 1 in Axes
  1841 | D:2      | Reached skill level 1 in Maces & Flails
  1841 | D:2      | Reached skill level 1 in Polearms
  1841 | D:2      | Reached skill level 1 in Staves
  1841 | D:2      | Reached skill level 1 in Slings
  1841 | D:2      | Reached skill level 1 in Bows
  1841 | D:2      | Reached skill level 1 in Crossbows
  1841 | D:2      | Reached skill level 1 in Throwing
  1841 | D:2      | Reached skill level 1 in Armour
  1841 | D:2      | Reached skill level 1 in Stealth
  1841 | D:2      | Reached skill level 1 in Shields
  1841 | D:2      | Reached skill level 1 in Evocations
  2021 | D:3      | Reached XP level 4. HP: 18/34 MP: 11/11
  2171 | D:3      | Reached * piety under Ashenzari
  2208 | D:3      | Found a glowing drain.
  2231 | Sewer    | Entered a sewer
  2251 | Sewer    | Reached skill level 1 in Conjurations
  2251 | Sewer    | Reached skill level 1 in Hexes
  2251 | Sewer    | Reached skill level 1 in Summonings
  2251 | Sewer    | Reached skill level 1 in Necromancy
  2251 | Sewer    | Reached skill level 1 in Translocations
  2251 | Sewer    | Reached skill level 1 in Fire Magic
  2251 | Sewer    | Reached skill level 1 in Ice Magic
  2251 | Sewer    | Reached skill level 1 in Air Magic
  2251 | Sewer    | Reached skill level 1 in Earth Magic
  2251 | Sewer    | Reached skill level 1 in Poison Magic
  2410 | Sewer    | Noticed a kobold brigand
  2457 | Sewer    | Killed a kobold brigand
  2458 | Sewer    | Reached XP level 5. HP: 24/41 MP: 9/12
  2626 | Sewer    | Found a glowing silver altar of Zin.
  3568 | D:4      | Slain by an orc priest

Illustrated notes

Levels and vault maps discovered:
D:1:      dpeg_arrival_orchard, layout_basic
D:2:      layout_basic, chequers_ecumenical_altar_simple_redux
D:3:      layout_basic, portal_sewer_entry_d
D:4:      layout_gridville, uniq_ijyb

Skill      XL: |  1  2  3  4 |
---------------+-------------+-----
Spellcasting   | 5 |  5.2
Invocations    | 1 |  1.9
Short Blades   | 1 |  1.7
Long Blades    | 1 |  1.7
Axes           | 1 |  1.7
Maces & Flails | 1 |  1.7
Polearms       | 1 |  1.7
Staves         | 1 |  1.7
Slings         | 1 |  1.7
Bows           | 1 |  1.7
Crossbows      | 1 |  1.7
Throwing       | 1 |  1.7
Armour         | 1 |  1.7
Stealth        | 1 |  1.7
Shields        | 1 |  1.7
Evocations     | 1 |  1.7
Conjurations   | 1 |  1.3
Hexes          | 1 |  1.3
Summonings     | 1 |  1.3
Necromancy     | 1 |  1.3
Translocations | 1 |  1.3
Fire Magic     | 1 |  1.3
Ice Magic      | 1 |  1.3
Air Magic      | 1 |  1.3
Earth Magic    | 1 |  1.3
Poison Magic   | 1 |  1.3
Fighting       | 3 |  3.1
Transmutations | 4 |  4.0
Dodging        | |  4.9
Unarmed Combat | |  6.7

Action                   |  1- 3 |  4- 6 || total
-------------------------+-------+-------++-------
Melee: Spear             |    19 |       ||    19
       Kick              |    11 |    16 ||    27
       Bite              |    16 |     7 ||    23
       Headbutt          |     6 |    13 ||    19
       Dagger            |   148 |    59 ||   207
       Unarmed           |     1 |       ||     1
       Punch             |     2 |     1 ||     3
       Short sword       |       |    55 ||    55
Throw: Dart              |       |     9 ||     9
 Cast: Beastly Appendage |     9 |     9 ||    18
       Wereblood         |     2 |     4 ||     6
Invok: Curse Item        |     1 |     1 ||     2
 Abil: End Transformatio |     1 |       ||     1
  Use: Potion            |     1 |     3 ||     4
 Stab: Sleeping          |     2 |     1 ||     3
Armor: Robe              |    40 |     9 ||    49
Dodge: Dodged            |   127 |    92 ||   219

Table legend: (Time is in decaauts)
 A = Elapsed time spent in this place.
 B = Non-inter-level travel time spent in this place.
 C = Inter-level travel time spent in this place.
 D = Time resting spent in this place.
 E = Time spent auto-exploring this place.
 F = Levels seen in this place.
 G = Mean time per level.
                   A        B        C        D        E       F      G
               +--------+--------+--------+--------+--------+-----+--------+
         Total |   3627 |   3591 |     36 |    442 |   1835 |   5 |  725.4 |
       Dungeon |   3091 |   3055 |     36 |    258 |   1835 |   4 |  772.8 |
         Sewer |    536 |    536 |      0 |    184 |      0 |   1 |  536.0 |
               +--------+--------+--------+--------+--------+-----+--------+

Top non-repeatable levels by time:
     D:1: 1229 daAuts
     D:3: 1050 daAuts
     D:2: 755 daAuts
   Sewer: 536 daAuts
     D:4: 56 daAuts
